 Dungeon Crawl Stone Soup version 0.27-a0-1245-g940ed4fa31 (webtiles) character file.

Game seed: 11917390456772898937

131 dickylongcocking the Magician (level 5, -7/35 HPs)
             Began as a Djinni Fire Elementalist on June 9, 2021.
             Mangled by a komodo dragon (shapeshifter) (9 damage)
             ... on level 3 of the Dungeon.
             The game lasted 00:01:42 (2999 turns).

dickylongcocking the Magician (DjFE)                Turns: 2999, Time: 00:01:43

Health: -7/35      AC:  4    Str:  7    XL:     5   Next: 37%
Gold:   116        EV: 12    Int: 17    God:
                   SH:  0    Dex: 14

rFire    + + .     SeeInvis .   r - +3 quarterstaff (chaos)
rCold    x . .     Faith    .   (shield currently unavailable)
rNeg     . . .     Spirit   .   a - +0 robe
rPois    ∞         Reflect  .   m - +0 helmet
rElec    .         Harm     .   s - +0 cloak
rCorr    .         Rampage  .   (no gloves)
Will     .....                  (boots unavailable)
Stlth    ++........             (no amulet)
HPRegen  0.11/turn              (no ring)
MPRegen  0.00/turn              (no ring)

@: flying
A: sickness immunity, fire resistance 2, cold vulnerability 1, float, innate
caster, hp casting, extra vitality 1
a: no special abilities


You were on level 3 of the Dungeon.
You visited 1 branch of the dungeon, and saw 3 of its levels.

You collected 116 gold pieces.

Inventory:

Hand Weapons
 h - a +0 short sword
 n - a +0 falchion
 r - a +3 quarterstaff of chaos (weapon)
Missiles
 d - 8 curare-tipped darts
Armour
 a - a +0 robe (worn)
 m - a +0 helmet (worn)
 s - a +0 cloak (worn)
Scrolls
 b - 2 scrolls of identify {unknown}
 g - a scroll of summoning {unknown}
 i - 2 scrolls of noise {unknown}
 l - a scroll of vulnerability {unknown}
 q - a scroll of teleportation {unknown}
Potions
 c - a potion of invisibility {unknown}
 e - a potion of haste {unknown}
 f - 2 potions of flight {unknown}
 j - a potion of resistance {unknown}
 k - a potion of curing {unknown}
 o - a potion of heal wounds {unknown}
 p - a potion of attraction {unknown}


   Skills:
 + Level 0.1 Fighting
 + Level 0.2 Short Blades
 + Level 2.7 Dodging
 + Level 2.4 Stealth
 + Level 3.8 Spellcasting


You couldn't memorise any spells.
You knew the following spells:

 Your Spells              Type           Power      Damage    Failure   Level
a - Foxfire               Conj/Fire      64%        2x1d7     3%          1
b - Conjure Flame         Conj/Fire      16%        6-21      10%         3
c - Inner Flame           Hex/Fire       16%        N/A       10%         3
d - Sticky Flame          Conj/Fire      16%        2d4       32%         4
e - Fireball              Conj/Fire      8%         3d6       67%         5
f - Pain                  Necr           64%        1d7       3%          1
g - Corpse Rot            Necr/Air       N/A        N/A       4%          2
Your spell library was empty.

Dungeon Overview and Level Annotations

Branches:
Dungeon (3/15)

Altars:

Shops:
D:1 ([


Innate Abilities, Weirdness & Mutations

You are immune to sickness and miasma.
You are immune to poison.
Your flesh is very heat resistant. (rF++)
You are vulnerable to cold. (rC-)
You float through the air rather than walking.
You learn spells naturally, not from books.
Your magical power is your life essence.
You have superior vitality. (+4 HP)


Message History

HP restored.
Things that are here:
a +0 dagger; a goblin corpse
Found a stone staircase leading up.
No target in view!
Found a stone staircase leading down.
No target in view!
An orc comes into view. It is wielding a +0 club.
An orc is nearby!
An orc is nearby! 2 orcs come into view.
There are monsters nearby!
An orc comes into view. It is wielding a +0 mace.
An orc wizard comes into view. It is wielding a +0 dagger.
The orc shouts!
The orc wizard shouts!
You hit the orc.
The orc is severely wounded.
A frilled lizard comes into view.
The orc hits you but does no damage.
The frilled lizard hisses angrily.
You hit the orc but do no damage.
The orc changes into a shapeshifter!
The shapeshifter is heavily wounded.
The shapeshifter changes into a komodo dragon!
You hit the komodo dragon. You burn the komodo dragon.
The komodo dragon is heavily wounded.
The komodo dragon barely misses you.
You sock the komodo dragon!
The komodo dragon is severely wounded.
The komodo dragon bites you!!
Ouch! That really hurt!
You hit the komodo dragon but do no damage.
The komodo dragon is severely wounded.
The komodo dragon bites you!
* * * LOW HITPOINT WARNING * * *
You are too injured to fight recklessly!
You sock the komodo dragon!
The komodo dragon is almost dead.
The komodo dragon bites you!
You die...

#.##.########
#.##.# #.##.#
#.##.# #.##.#
#....# ####.#
#.##########
#......@loo#
#..#######ol...
#..# ### #..#
#..# #..# #..#
#..#


You could see a komodo dragon shaped shifter, an orc wizard, 2 orcs and a
frilled lizard.

Vanquished Creatures
  Crazy Yiuf (D:2)
  Terence (D:2)
  5 adders
  A dart slug (D:2)
  An endoplasm (D:2)
  A giant cockroach (D:2)
  3 goblins
  3 hobgoblins
  5 kobolds
  A quokka (D:3)
  3 ball pythons
  4 bats
  4 frilled lizards
  4 rats
37 creatures vanquished.

Vanquished Creatures (others)
  117 foxfires
  A fungus (D:2)
118 creatures vanquished.

Grand Total: 155 creatures vanquished

Notes
Turn   | Place    | Note
-------+----------+-------------------------------------------
     0 | D:1      | dickylongcocking the Djinni Fire Elementalist began the
                  | quest for the Orb.
     0 | D:1      | Reached XP level 1. HP: 15/15 MP: 0/0
   146 | D:1      | Found Sesejyl's Weapon Emporium.
   560 | D:1      | Reached XP level 2. HP: 19/21 MP: 0/0
   583 | D:1      | Found Ceup's Antique Armour Emporium.
  1322 | D:2      | Reached skill level 3 in Spellcasting
  1322 | D:2      | Reached XP level 3. HP: 11/25 MP: 0/0
  1322 | D:2      | Learned a level 1 spell: Pain
  1694 | D:2      | Noticed Terence
  1713 | D:2      | Killed Terence
  1714 | D:2      | Reached XP level 4. HP: 10/31 MP: 0/0
  1938 | D:2      | Found a faded altar of an unknown god.
  2616 | D:2      | Found a runed translucent door.
  2617 | D:2      | Noticed Crazy Yiuf
  2627 | D:2      | Killed Crazy Yiuf
  2628 | D:2      | Reached XP level 5. HP: 28/35 MP: 0/0
  2628 | D:2      | Learned a level 2 spell: Corpse Rot
  2995 | D:3      | Noticed a shapeshifter
  2995 | D:3      | an orc changed into a shapeshifter
  2995 | D:3      | Noticed a komodo dragon
  2995 | D:3      | a shapeshifter changed into a komodo dragon
  2999 | D:3      | Mangled by a komodo dragon (shapeshifter)

Illustrated notes

Levels and vault maps discovered:
D:1:      dpeg_arrival_line_fractal, layout_loops_ring, serial_shops,
          nicolae_shop_waterfront, nicolae_shop_window_shopping
D:2:      layout_rooms, basic_ecumenical_altar, uniq_terence,
          uniq_crazy_yiuf_cottage
D:3:      layout_loops_ring, cheibrodos_worm_habitat

Skill      XL: |  1  2  3 |
---------------+----------+-----
Spellcasting   | 3 |  3.8
Stealth        | 2 |  2.4
Fighting       | |  0.1
Short Blades   | |  0.2
Dodging        | |  2.7

Action                   |  1- 3 |  4- 6 || total
-------------------------+-------+-------++-------
Melee: Short sword       |    12 |       ||    12
       Falchion          |       |    18 ||    18
       Quarterstaff      |       |    14 ||    14
 Cast: Foxfire           |    63 |    19 ||    82
       Sticky Flame      |       |     3 ||     3
       Conjure Flame     |       |     1 ||     1
Armor: Robe              |     6 |    12 ||    18
Dodge: Dodged            |    20 |    21 ||    41
       Rpst.: Falchion   |       |     2 ||     2

Table legend: (Time is in decaauts)
 A = Elapsed time spent in this place.
 B = Non-inter-level travel time spent in this place.
 C = Inter-level travel time spent in this place.
 D = Time resting spent in this place.
 E = Time spent auto-exploring this place.
 F = Levels seen in this place.
 G = Mean time per level.
                   A        B        C        D        E       F      G
               +--------+--------+--------+--------+--------+-----+--------+
         Total |   3008 |   2863 |    145 |    403 |   2142 |   3 | 1002.7 |
       Dungeon |   3008 |   2863 |    145 |    403 |   2142 |   3 | 1002.7 |
               +--------+--------+--------+--------+--------+-----+--------+

Top non-repeatable levels by time:
     D:2: 1636 daAuts
     D:1: 1175 daAuts
     D:3: 195 daAuts
